 Dungeon Crawl Stone Soup version 0.31.0-12-g77e489cdc1 (webtiles) character file.

Game seed: 11871197422446439826

140 lordive the Changeling (level 5, -5/33 HPs)
             Began as an Octopode Shapeshifter on Feb 29, 2024.
             Slain by Grinder (11 damage)
             ... on level 3 of the Dungeon.
             The game lasted 00:02:22 (1893 turns).

lordive the Changeling (Octopode Shapeshifter)      Turns: 1893, Time: 00:02:23

Health: -5/33      AC:  1    Str: 13    XL:     5   Next: 23%
Magic:  5/5        EV: 13    Int: 14    God:
Gold:   76         SH:  0    Dex: 12    Spells: 4/4 levels left

rFire   . .          .
                       - Unarmed
rCold   . . .        (no shield)
rNeg    . . .        (helmet currently unavailable)
rPois   .            (no amulet)
rElec   .            (no ring)
rCorr   .            (no ring)
SInv    .            (no ring)
Will    .....        (no ring)
Stlth   +++          (no ring)
HPRegen 0.25/turn    (no ring)
MPRegen 0.09/turn    (no ring)
                     (no ring)

%: no passive effects
@: beast-form
A: beast (slay +2), almost no armour, amphibious, 8 rings, camouflage 1,
gelatinous body 1, (nimble swimmer 1), tentacles
a: Begin Untransformation


You were on level 3 of the Dungeon.
You were a hulking beast.
You visited 1 branch of the dungeon, and saw 3 of its levels.

You collected 76 gold pieces.

Inventory:

Armour
 h - a +0 buckler
Talismans
 b - a beast talisman
 c - a flux talisman
Scrolls
 d - 2 scrolls of identify {unknown}
 e - a scroll of enchant weapon {unknown}
 f - a scroll of teleportation {unknown}
 g - a scroll of silence {unknown}
 j - a scroll of vulnerability {unknown}
Potions
 a - a potion of lignification
 i - 2 potions of magic {unknown}
 k - a potion of ambrosia {unknown}


   Skills:
 + Level 1.0 Fighting
 + Level 2.2 Dodging
 + Level 3.1 Stealth
 + Level 4.0 Unarmed Combat
 * Level 4.1 Shapeshifting


You had 4 spell levels left.
You didn't know any spells.
Your spell library was empty.

Dungeon Overview and Level Annotations

Branches:
Dungeon (3/15)

Altars:

Shops:
D:2 *

Annotations:
D:3 Grinder


Innate Abilities, Weirdness & Mutations

You are a hulking beast.
Your limbs bulge with bestial killing power. (Slay +2)
You cannot wear most types of armour.
You are amphibious.
You can wear up to eight rings at the same time.
Your skin changes colour to match your surroundings (Stealth+).
Your rubbery body absorbs attacks. (AC +1, EV +1)
((You are camouflaged when in or above water. (Stealth+)))
You have tentacles for arms and can constrict up to eight enemies at once.


Message History

You closely miss Grinder. You grab Grinder.
You constrict Grinder, but do no damage.
Grinder gestures at you.
You suddenly lose the ability to move!
You lose your grip on Grinder.
Grinder gestures at you.
You shrug off the repeated paralysis!
You can move again.
Unknown command.
You tentacle-slap Grinder. Your grab misses Grinder.
Grinder is lightly wounded.
Grinder hits you!
You writhe in agony.
You completely miss Grinder. Your grab misses Grinder.
Grinder is lightly wounded.
Grinder misses you.
You tentacle-slap Grinder. You grab Grinder.
Grinder is moderately wounded.
You constrict Grinder, but do no damage.
Grinder closely misses you.
You tentacle-slap Grinder. You squeeze Grinder.
Grinder is moderately wounded.
You constrict Grinder, but do no damage.
Grinder hits you.
You writhe in agony.
You tentacle-slap Grinder but do no damage.
Grinder is moderately wounded.
You constrict Grinder, but do no damage.
Grinder hits you!
* * * LOW HITPOINT WARNING * * *
Unknown command.
You tentacle-slap Grinder but do no damage.
Grinder is moderately wounded.
You constrict Grinder. Grinder gestures at you.
You barely resist.
You tentacle-slap Grinder but do no damage.
You squeeze Grinder, but do no damage.
Grinder is moderately wounded.
You constrict Grinder, but do no damage.
Grinder hits you!
You die...
Grinder sighs, "Dead already?
I want a refund."

##### #...# #...#
#...#
#####...############
.)..'...'.).....h5K#
#####...##########'#
#...# #......# #####
#5.....# #......#
#......# #......#
#......# #......#


You could see Grinder and a kobold.

Vanquished Creatures
  Jessica (D:3)
  Terence (D:3)
  Natasha (D:2)
  3 dart slugs
  4 orcs (D:3)
  5 ball pythons
  4 bats (D:1)
  10 endoplasms
  5 giant cockroaches
  A goblin (D:1)
  3 hobgoblins
  4 kobolds
  2 quokkas
  5 frilled lizards
  4 rats
53 creatures vanquished.

Notes
Turn   | Place    | Note
-------+----------+-------------------------------------------
     0 | D:1      | lordive the Octopode Shapeshifter began the quest for the
                  | Orb.
     0 | D:1      | Reached XP level 1. HP: 13/13 MP: 1/1
    90 | D:1      | Reached XP level 2. HP: 18/18 MP: 2/2
   173 | D:1      | Reached XP level 3. HP: 23/23 MP: 3/3
   884 | D:2      | Noticed Natasha
   889 | D:2      | Found Juth's General Store.
   891 | D:2      | Killed Natasha
   892 | D:2      | Reached skill level 1 in Stealth
   892 | D:2      | Reached XP level 4. HP: 28/28 MP: 4/4
  1596 | D:3      | Noticed Jessica
  1600 | D:3      | Killed Jessica
  1750 | D:3      | Noticed Terence
  1762 | D:3      | Killed Terence
  1763 | D:3      | Reached XP level 5. HP: 12/33 MP: 5/5
  1876 | D:3      | Noticed Grinder
  1885 | D:3      | Paralysed by Grinder for 2 turns
  1893 | D:3      | Slain by Grinder

Illustrated notes

Levels and vault maps discovered:
D:1:      onia_arrival_pyramid, layout_loops_cross, st_stairs_4
D:2:      layout_basic, serial_co_window_serial, co_window_paths_a,
          co_window_paths_a, co_window_paths_b, co_window_paths_a,
          co_window_paths_a, co_window_2corner, co_window_2corner,
          co_window_cross_3, co_window_corner_ca, co_window_4corner_a,
          co_window_paths_e, serial_shops, shop, uniq_natasha
D:3:      layout_basic, kennysheep_generic_room_10, uniq_grinder, uniq_terence,
          uniq_jessica

Skill      XL: |  1  2  3  4 |
---------------+-------------+-----
Stealth        | 1 3 |  3.1
Shapeshifting  | 4 |  4.1
Unarmed Combat | 4 |  4.0
Fighting       | |  1.0
Dodging        | |  2.2

Action                     |  1- 3 |  4- 6 || total
---------------------------+-------+-------++-------
  Melee: Unarmed           |    55 |    47 ||   102
         Tentacles         |    14 |    10 ||    24
         Constrict         |    12 |    13 ||    25
   Stab: Sleeping          |    11 |     1 ||    12
 Armour: Skin              |     7 |    24 ||    31
  Dodge: Dodged            |    19 |    24 ||    43
